 Dungeon Crawl Stone Soup version 0.29-a0-334-gb41bcbb86e (webtiles) character file.

Game seed: 229222485297370695

186 jlumianski the Skirmisher (level 5, -12/42 HPs)
             Began as a Demonspawn Fighter on Apr 15, 2022.
             Mangled by Pikel
             ... wielding a +2 whip of electrocution
              (16 damage)
             ... on level 3 of the Dungeon.
             The game lasted 00:09:22 (4156 turns).

jlumianski the Skirmisher (Demonspawn Fighter)      Turns: 4156, Time: 00:09:22

Health: -12/42     AC:  8    Str: 18    XL:     5   Next: 38%
Magic:  5/5        EV:  9    Int: 15    God:
Gold:   141        SH:  5    Dex: 13    Spells: 4/4 levels left

rFire   . . .      SeeInvis +   f - +2 hand axe (elec)
rCold   . . .      Faith    .   c - +1 buckler
rNeg    . . .      Spirit   .   b - +0 scale mail
rPois   .          Reflect  .   (helmet restricted)
rElec   .          Harm     .   (no cloak)
rCorr   .          Rampage  .   (no gloves)
Will    .....                   (no boots)
Stlth   ..........              (no amulet)
HPRegen 0.14/turn               g - +6 ring of intelligence
MPRegen 0.09/turn               q - ring of see invisible

@: no status effects
A: antennae 1, thin metallic scales 1
a: no special abilities


You were on level 3 of the Dungeon.
You visited 1 branch of the dungeon, and saw 4 of its levels.

You collected 141 gold pieces.

Inventory:

Hand Weapons
 a - a +0 war axe
 f - a +2 hand axe of electrocution (weapon)
Missiles
 h - 65 stones
 m - 5 poisoned darts (quivered)
Armour
 b - a +0 scale mail (worn)
 c - a +1 buckler (worn)
Jewellery
 g - a +6 ring of intelligence (left hand)
 q - a ring of see invisible (right hand)
Scrolls
 e - a scroll of holy word
 j - a scroll of teleportation
 k - a scroll of silence
 n - a scroll of summoning
 o - a scroll of enchant weapon
 p - a scroll of enchant armour
 r - a scroll of noise
 t - a scroll of fog
Potions
 d - a potion of might
 i - a potion of haste
 l - 2 potions of heal wounds
 u - a potion of curing {unknown}


   Skills:
 + Level 3.8 Fighting
 + Level 3.6 Axes
 + Level 3.4 Armour
 + Level 0.2 Dodging
 + Level 0.7 Stealth
 + Level 3.1 Shields


You had 4 spell levels left.
You didn't know any spells.
Your spell library was empty.

Dungeon Overview and Level Annotations

Branches:
Dungeon (4/15)
 Temple: D:4-7

Altars:
Makhleb
Xom

Annotations:
D:3 Pikel


Innate Abilities, Weirdness & Mutations

You have a pair of small antennae on your head.
You are partially covered in thin metallic scales. (AC +2)


Message History

You kill the dart slug!
There is a stone staircase leading down here.
You start resting.
HP restored.
You climb downwards.
Level annotation: Pikel The lemure hits you but does no damage.
Pikel hits you with a +2 whip of electrocution.
The lemure hits you but does no damage.
Pikel hits you with a +2 whip of electrocution!
There is a stone staircase leading up here.
The lemure closely misses you. Pikel barely misses you.
You climb upwards.
There is a stone staircase leading down here.
You closely miss Pikel. You closely miss the lemure.
The lemure barely misses you.
Pikel hits you with a +2 whip of electrocution.
You barely miss Pikel. You closely miss the lemure.
The lemure closely misses you. You block Pikel's attack.
You closely miss Pikel. You closely miss the lemure.
The lemure hits you but does no damage. Pikel barely misses you.
You hit Pikel.
Pikel is lightly wounded.
You hit the lemure. The lemure hits you but does no damage.
Pikel barely misses you. The lemure barely misses you.
You hit Pikel. Lightning courses through Pikel!
Pikel is heavily wounded.
You hit the lemure but do no damage. Lightning courses through the lemure!
Pikel hits you with a +2 whip of electrocution!
The lemure hits you.
* * * LOW HITPOINT WARNING * * *
You barely miss Pikel.
Pikel is heavily wounded.
You hit the lemure. Lightning courses through the lemure!
You kill the lemure!
That felt strangely unrewarding.
Pikel barely misses you.
Pikel hits you with a +2 whip of electrocution.
* * * LOW HITPOINT WARNING * * *
You are electrocuted!
You die...

##.### #.#
#.###'##'##'
.....# #.##
#...........
.....# #..#
############
.....# ##.#
.....#
######.##
####.#
#.......###
.....#
#.##......#
######
#.##.#..#K#
#.##....#@# ##
#.##.##.#.# .#
#####.........#
.#
#......#.######
.# #.##<....#
.###.##.#.###
........#.#
.###.####.# ##
#......#


You could see Pikel.

Vanquished Creatures
  A lemure (D:3)
  An iguana (D:4)
  An orc wizard (D:2)
  4 adders
  5 worms
  4 dart slugs
  4 orcs
  8 endoplasms
  3 giant cockroaches
  10 goblins
  6 hobgoblins
  7 kobolds
  A quokka (D:1)
  9 ball pythons
  A bat (D:1)
  4 frilled lizards
  5 rats
74 creatures vanquished.

Vanquished Creatures (others)
  An iguana (D:4)
  A hobgoblin (D:4)
  A kobold (D:4)
3 creatures vanquished.

Grand Total: 77 creatures vanquished

Notes
Turn   | Place    | Note
-------+----------+-------------------------------------------
     0 | D:1      | jlumianski the Demonspawn Fighter began the quest for the
                  | Orb.
     0 | D:1      | Reached XP level 1. HP: 18/18 MP: 1/1
   213 | D:1      | Gained mutation: You are partially covered in thin metallic
                  | scales. (AC +2) [demonic ancestry]
   213 | D:1      | Reached XP level 2. HP: 12/24 MP: 2/2
  1200 | D:2      | Reached XP level 3. HP: 29/29 MP: 3/3
  2195 | D:3      | Found a burning altar of Makhleb.
  2503 | D:3      | Gained mutation: You have a pair of small antennae on your
                  | head. [demonic ancestry]
  2503 | D:3      | Reached XP level 4. HP: 35/35 MP: 4/4
  2764 | D:3      | Found a faded altar of an unknown god.
  3734 | D:4      | Reached XP level 5. HP: 37/42 MP: 5/5
  4030 | D:4      | Found a shimmering altar of Xom.
  4057 | D:4      | Noticed Pikel
  4058 | D:4      | Noticed a lemure
  4059 | D:4      | Noticed a lemure
  4066 | D:4      | Noticed a lemure
  4156 | D:3      | Killed a lemure
  4156 | D:3      | Mangled by Pikel

Illustrated notes

Levels and vault maps discovered:
D:1:      dpeg_arrival_renting, layout_basic, minmay_misc_feat_x
D:2:      layout_loops_ring
D:3:      layout_loops_cross, mainiacjoe_overflow_24_doors,
          ebering_ecumenical_altar_hall, serial_glass, glass_columns_b,
          glass_columns_c, grunt_decor_resistance, grunt_decor_fettered,
          st_stairs_6, nicolae_wormholes
D:4:      layout_layer_cave, xom_confusion_cloud, uniq_pikel

Skill      XL: |  1  2  3 |
---------------+----------+-----
Shields        | 3 |  3.1
Axes           | 2 3 |  3.6
Armour         | 3 |  3.4
Fighting       | |  3.8
Dodging        | |  0.2
Stealth        | |  0.7

Action                   |  1- 3 |  4- 6 || total
-------------------------+-------+-------++-------
Melee: War axe           |   110 |    40 ||   150
       Hand axe          |       |    47 ||    47
Throw: Dart              |     1 |       ||     1
  Use: Scroll            |     6 |     3 ||     9
       Potion            |     2 |       ||     2
Armor: Scale mail        |    50 |    37 ||    87
Dodge: Dodged            |    60 |    32 ||    92
Block: Buckler           |    31 |    18 ||    49

Table legend: (Time is in decaauts)
 A = Elapsed time spent in this place.
 B = Non-inter-level travel time spent in this place.
 C = Inter-level travel time spent in this place.
 D = Time resting spent in this place.
 E = Time spent auto-exploring this place.
 F = Levels seen in this place.
 G = Mean time per level.
                   A        B        C        D        E       F      G
               +--------+--------+--------+--------+--------+-----+--------+
         Total |   4213 |   4125 |     88 |    379 |   2661 |   4 | 1053.2 |
       Dungeon |   4213 |   4125 |     88 |    379 |   2661 |   4 | 1053.2 |
               +--------+--------+--------+--------+--------+-----+--------+

Top non-repeatable levels by time:
     D:3: 1397 daAuts
     D:1: 1181 daAuts
     D:2: 1123 daAuts
     D:4: 512 daAuts
